 Dungeon Crawl Stone Soup version 0.24.0-13-gcf9b319 (webtiles) character file.

Game seed: 1076205927247093614, levelgen mode: deterministic

14891 Doobh the Destroyer (level 11, 0/83 HPs)
             Began as a Demonspawn Venom Mage on Dec 31, 2019.
             Succumbed to a spiny frog's poison
             ... on level 1 of the Lair of Beasts on Jan 1, 2020.
             The game lasted 01:50:02 (22408 turns).

Doobh the Destroyer (Demonspawn Venom Mage)        Turns: 22408, Time: 01:50:03

Health: 0/83       AC: 14    Str:  9    XL:     11   Next: 94%
Magic:  4/18       EV:  9    Int: 20    God:
Gold:   588        SH:  8    Dex: 13    Spells: 14/20 levels left

rFire    + + +     SeeInvis .     - Unarmed
rCold    x x x     Gourm    .   C - +0 buckler
rNeg     . . .     Faith    .   P - +1 fire dragon scales
rPois    .         Spirit   +   F - +0 helmet
rElec    .         Reflect  +   k - scarf {Spirit}
rCorr    .         Harm     .   I - +0 pair of gloves
MR       .....                  (no boots)
Stlth    +++.......             E - +3 amulet of reflection
HPRegen  0.23/turn              Q - ring of fire
MPRegen  0.16/turn              G - ring of fire

@: lethally poisoned (0 -> -26), studying Short Blades, lightly drained
A: talons 1, thin metallic scales 1, nightstalker 1, powered by pain 2
a: no special abilities


You were on level 1 of the Lair of Beasts.
You were not hungry.

You visited 3 branches of the dungeon, and saw 14 of its levels.

You collected 588 gold pieces.

Inventory:

Hand Weapons
 O - the +7 great mace "Firestarter" {inner flame, rF++}
   (You took it off an orc on level 11 of the Dungeon)

   It has been specially enchanted to burn those struck by it, causing extra
   injury to most foes and up to half again as much damage against particularly
   susceptible opponents.
   It greatly protects you from fire.
Missiles
 l - 39 poisoned darts (quivered)
 K - 4 curare-tipped darts
 N - 8 boomerangs
Armour
 k - a scarf of spirit shield (worn)
 p - a +0 leather armour
 C - a +0 buckler (worn)
 F - a +0 helmet (worn)
 I - a +0 pair of gloves (worn)
 P - +1 fire dragon scales (worn)
Jewellery
 a - a +3 ring of dexterity
 o - a +3 amulet of reflection
 u - an uncursed amulet of guardian spirit
 E - a +3 amulet of reflection (around neck)
 G - a ring of fire (right hand)
 Q - a ring of fire (left hand)
Wands
 L - a wand of digging (5)
 M - a wand of polymorph (10)
Scrolls
 b - 11 scrolls of remove curse
 e - a scroll of identify
 h - 4 scrolls of magic mapping
 i - 4 scrolls of noise
 j - a scroll of amnesia
 n - 2 scrolls of fog
 v - 2 scrolls of enchant weapon
Potions
 f - 3 potions of cancellation
 g - 4 potions of degeneration
 m - 3 potions of flight
 q - 2 potions of lignification
 s - a potion of magic
 A - 3 potions of brilliance
Books
 z - a manual of Short Blades
Miscellaneous
 d - a phial of floods
Comestibles
 c - 6 rations


   Skills:
 + Level 6.7(6.6) Fighting
 + Level 5.6(5.5) Short Blades
 - Level 4.0(3.9) Armour
 - Level 4.0(3.9) Dodging
 + Level 7.1(7.0) Stealth
 - Level 4.0(3.9) Shields
 - Level 5.3(5.2) Unarmed Combat
 - Level 5.0(4.8) Spellcasting
 - Level 8.0(7.8) Conjurations
 + Level 7.5(7.4) Poison Magic
 * Level 6.2(6.1) Evocations


You had 14 spell levels left.
You knew the following spells:

 Your Spells              Type           Power        Failure   Level  Hunger
a - Sting                 Conj/Pois      ####         5%          1    None
b - Poisonous Vapours     Pois/Air       ###...       38%         2    #......
c - Mephitic Cloud        Conj/Pois/Air  ####....     43%         3    ##.....

Your spell library contained the following spells:

 Spells                   Type           Power        Failure   Level  Hunger
 Olgreb's Toxic Radiance  Pois           ####....     52%         4    ####...
 Corona                   Hex            #......      78%         1    None
 Venom Bolt               Conj/Pois      #####.....   83%         5    ######.
 Slow                     Hex            #.......     89%         2    #......
 Inner Flame              Hex/Fire       ##......     98%         3    ##.....
 Portal Projectile        Hex/Tloc       #.....       98%         3    ##.....
 Cause Fear               Hex            #.........   100%        4    ####...
 Leda's Liquefaction      Hex/Erth       #.........   100%        4    ####...


Dungeon Overview and Level Annotations

Branches:
Dungeon (12/15)            Temple (1/1) D:6            Lair (1/6) D:11
    Orc: D:9-12

Altars:
Ashenzari
Cheibriados
Dithmenos
Elyvilon
Fedhas
Gozag
Hepliaklqana
Kikubaaqudgha
Makhleb
Nemelex Xobeh
Qazlal
Ru
Sif Muna
Trog
Uskayaw
Vehumet
Wu Jian
Xom
Yredelemnul
Zin
The Shining One

Shops:
D:8 *

Annotations:
D:6 exclusion: oklob plant, Menkaure
D:7 2 transporters, exclusion: downstairs, A7mans1's ghost, amateur HuFi
D:8 Erica
D:11 exclusions: door and 2 upstairs
D:12 Azrael


Innate Abilities, Weirdness & Mutations

You have sharp toenails.
You are partially covered in thin metallic scales. (AC +2)
You are slightly more attuned to the shadows.
You sometimes gain power by taking damage.


Message History

Press: ? - help, Dir - move target cursor, f - wolf, p - spiny frog
Aim: a wolf Poisonous vapours surround the wolf!
You feel very sick.
The wolf is engulfed in poison gas.
The wolf is poisoned.
The spiny frog stings you!
You focus on the pain.
You feel your power returning.
The wolf is engulfed in poison gas.
The wolf looks even sicker.
The komodo dragon bites you!!
* * * LOW HITPOINT WARNING * * *
The sentinel's mark upon you fades away.
* * * LOW HITPOINT WARNING * * *
You feel very sick.
A wolf comes into view.
You block the spiny frog's attack. The komodo dragon bites you!
* * * LOW HITPOINT WARNING * * *
* * * LOW HITPOINT WARNING * * *
You feel sick. You block the komodo dragon's attack.
* * * LOW HITPOINT WARNING * * *
You feel very sick.
You die...

#.## #..## ##..#
#.## #.# #.# #.#
#.## #.#^..>..##
#@.# . #..#......#
#.## ...#.......^#
#Fl# ...#........#
#.h# ##.#.##.....#
#h##
..........#.####h#
#.......F..h...#
##...#P.#######.#
#.####.# ##


You could see a komodo dragon, a spiny frog and 3 wolves.

Vanquished Creatures
  5 two-headed ogres (D:10)
  Sonja (D:10)
  An unseen horror (D:10)
  Pikel (D:9)
  A deep elf mage (D:10)
  An ugly thing (D:11)
  Joseph (D:8)
  A troll (D:10)
  A hornet (D:10)
  2 hippogriffs (D:7)
  Sigmund (D:4)
  7 fire bats
  A fire elemental (D:10)
  2 wyverns
  5 yaks
  A hungry ghost (D:8)
  Edmund (D:5)
  2 porcupines (D:11)
  3 sky beasts
  2 black bears (D:11)
  An ice beast (D:8)
  6 orc warriors
  A necrophage (D:11)
  2 wolves (Lair:1)
  5 ogres
  5 centaurs
  3 crocodiles
  3 big kobolds
  7 bullfrogs
  A gnoll sergeant (D:7)
  2 scorpions
  3 wights (D:11)
  6 killer bees (D:10)
  A howler monkey (D:9)
  8 crimson imps
  2 quasits (D:9)
  2 jellies
  3 hounds
  7 orc priests
  3 bullfrog skeletons
  3 centaur skeletons
  An iguana (D:5)
  17 orc wizards
  8 worker ants
  2 hound zombies
  A hound skeleton (D:7)
  2 worker ant zombies
  A howler monkey skeleton (D:5)
  8 adders
  5 gnolls (D:7)
  4 adder zombies
  A dart slug (D:1)
  5 leopard geckos
  40 orcs
  4 ball pythons
  7 giant cockroaches
  8 goblins
  6 hobgoblins
  8 jackals (D:1)
  2 quokkas
  A ball python skeleton (D:5)
  4 bats
  4 frilled lizards
  A jackal zombie (D:5)
  21 kobolds
  A leopard gecko skeleton (D:4)
  7 rats
  A fungus (D:11)
284 creatures vanquished.

Vanquished Creatures (others)
  A centaur skeleton (D:11)
  A spriggan (D:10)
  4 centaurs
  A centaur zombie (D:10)
  An orc wizard (D:11)
  34 fungi (D:11)
  16 plants (D:11)
58 creatures vanquished.

Grand Total: 342 creatures vanquished

Notes
Turn   | Place    | Note
-------+----------+-------------------------------------------
     0 | D:1      | Doobh the Demonspawn Venom Mage began the quest for the
                  | Orb.
     0 | D:1      | Reached XP level 1. HP: 13/13 MP: 3/3
   401 | D:1      | Gained mutation: You sometimes gain a little power by
                  | taking damage. [demonic ancestry]
   401 | D:1      | Reached XP level 2. HP: 19/19 MP: 3/5
  1504 | D:1      | Reached XP level 3. HP: 25/25 MP: 2/6
  1909 | D:2      | Learned a level 2 spell: Poisonous Vapours
  2757 | D:3      | Found a shimmering altar of Xom.
  3039 | D:3      | Reached XP level 4. HP: 31/31 MP: 1/7
  3051 | D:3      | Reached skill level 1 in Fighting
  3194 | D:3      | Found a shattered altar of Ashenzari.
  3584 | D:4      | Noticed an ogre
  3595 | D:4      | Killed an ogre
  3595 | D:4      | Reached skill level 1 in Unarmed Combat
  3595 | D:4      | Reached skill level 2 in Conjurations
  3595 | D:4      | Gained mutation: You have sharp toenails. [demonic
                  | ancestry]
  3595 | D:4      | Reached XP level 5. HP: 37/37 MP: 0/9
  3802 | D:4      | Reached skill level 1 in Armour
  4485 | D:4      | Reached XP level 6. HP: 33/43 MP: 1/10
  4494 | D:4      | Noticed Sigmund
  4624 | D:4      | Killed Sigmund
  4624 | D:4      | Reached skill level 3 in Conjurations
  4938 | D:5      | Entered Level 5 of the Dungeon
  4944 | D:5      | Noticed an ice beast
  5123 | D:5      | Reached XP level 7. HP: 47/50 MP: 4/12
  5607 | D:5      | Noticed Edmund
  5632 | D:5      | Killed Edmund
  6788 | D:6      | Reached skill level 4 in Conjurations
  6791 | D:6      | Gained mutation: You sometimes gain power by taking damage.
                  | [demonic ancestry]
  6791 | D:6      | Reached XP level 8. HP: 40/57 MP: 1/14
  7044 | D:6      | Noticed Menkaure
  7372 | D:6      | Found a staircase to the Ecumenical Temple.
  7378 | Temple   | Entered the Ecumenical Temple
  7698 | D:6      | Reached skill level 1 in Shields
  8410 | D:6      | Noticed an oklob plant
  8810 | D:7      | Noticed A7mans1's ghost (amateur HuFi)
  8822 | D:7      | Identified the +9 great mace "Otos" {crush, rN+}
  8823 | D:7      | Found a transporter.
  8827 | D:7      | Found a transporter.
  9025 | D:7      | Paralysed by a centaur for 3 turns
  9158 | D:7      | Reached skill level 5 in Conjurations
  9162 | D:7      | Reached skill level 5 in Spellcasting
  9339 | D:7      | Gained mutation: You are slightly more attuned to the
                  | shadows. [demonic ancestry]
  9339 | D:7      | Reached XP level 9. HP: 64/64 MP: 9/16
 10547 | D:8      | Noticed Erica
 10718 | D:7      | Reached skill level 5 in Poison Magic
 10796 | D:8      | Noticed Joseph
 10930 | D:8      | Found Uppam's Assorted Antiques.
 11952 | D:8      | Reached skill level 6 in Conjurations
 12122 | D:8      | Killed Joseph
 12446 | D:8      | Found a burning altar of Makhleb.
 12450 | D:8      | Found a glowing silver altar of Zin.
 12450 | D:8      | Noticed an angel
 12451 | D:8      | Noticed a green death
 12638 | D:9      | Gained mutation: You are partially covered in thin metallic
                  | scales. (AC +2) [demonic ancestry]
 12638 | D:9      | Reached XP level 10. HP: 72/72 MP: 9/17
 13369 | D:10     | Entered Level 10 of the Dungeon
 13382 | D:10     | Reached skill level 5 in Stealth
 14077 | D:10     | Paralysed by a hornet for 1 turns
 14361 | D:9      | Reached skill level 7 in Conjurations
 14639 | D:9      | Noticed Pikel
 14657 | D:9      | Killed Pikel
 14710 | D:9      | Found a shimmering blue altar of Sif Muna.
 14882 | D:10     | Reached skill level 5 in Fighting
 15108 | D:10     | Found a glowing silver altar of Zin.
 15171 | D:10     | Reached skill level 1 in Evocations
 15172 | D:10     | Noticed a two-headed ogre
 15330 | D:10     | Reached skill level 1 in Short Blades
 15393 | D:10     | Noticed Sonja
 15405 | D:10     | Killed Sonja
 15668 | D:10     | Noticed a deep elf mage
 15692 | D:10     | Killed a deep elf mage
 15704 | D:10     | Noticed a two-headed ogre
 15774 | D:10     | Killed a two-headed ogre
 15774 | D:10     | Reached skill level 8 in Conjurations
 15917 | D:10     | Killed a two-headed ogre
 15917 | D:10     | Reached skill level 5 in Unarmed Combat
 15917 | D:10     | Reached XP level 11. HP: 69/80 MP: 7/18
 16291 | D:11     | Noticed a fire dragon
 16470 | D:10     | Noticed a two-headed ogre
 16492 | D:10     | Killed a two-headed ogre
 16650 | D:10     | Noticed a two-headed ogre
 16654 | D:10     | Noticed a two-headed ogre
 16660 | D:10     | Learned a level 3 spell: Mephitic Cloud
 17651 | D:11     | Found a staircase to the Lair.
 18002 | D:10     | HP: 4/81 [something (4)]
 18039 | D:10     | Killed an unseen horror
 18311 | D:10     | Killed a two-headed ogre
 18517 | D:10     | Reached skill level 5 in Evocations
 18597 | D:10     | Killed a two-headed ogre
 19345 | D:11     | Noticed a cyan ugly thing
 19382 | D:11     | Killed a cyan ugly thing
 19382 | D:11     | Reached skill level 5 in Short Blades
 20521 | D:11     | Noticed a green ugly thing
 21889 | D:12     | Noticed Azrael
 22339 | Lair:1   | Entered Level 1 of the Lair of Beasts
 22406 | Lair:1   | HP: 4/83 [poisoned by a spiny frog]
 22408 | Lair:1   | Succumbed to a spiny frog's poison

Levels and vault maps discovered:
D:1:      enne_arrival_octagon_isle, layout_basic
D:2:      layout_rooms, minmay_pentomino_t2
D:3:      minmay_spotlight, layout_basic, overflow_temple_1_default,
          nicolae_overflow_hidden_temple, first_ration, solitary_fountain
D:4:      layout_gridville, uniq_sigmund
D:5:      layout_loops_ring, serial_glass, glass_columns_b, glass_columns_b,
          minmay_manual_monstrance, uniq_edmund
D:6:      layout_rooms, marbit_many_paths, minmay_temple_entry_arrows,
          lemuel_oklob_altar, uniq_menkaure
D:7:      layout_basic, gammafunk_ghost_smash
D:8:      layout_basic, grunt_temple_overflow_order_and_chaos_2, serial_shops,
          shop_statue, uniq_erica, uniq_joseph
D:9:      layout_basic, led_sif_book, uniq_pikel
D:10:     layout_loops_ring, erik_orc_2, basic_altar, hangedman_stone_soup,
          minmay_the_grid_2x2 [minmay_the_grid_gridbox,
          minmay_the_grid_embedded, minmay_the_grid_large_cup,
          minmay_the_grid_prize_shrinking_boxes], uniq_sonja, uniq_grum
D:11:     minmay_firetagon, layout_irregular_city, due_lair_maze_entry_diamond,
          lemuel_flamethrower_1
D:12:     layout_loops_cross, uniq_snorg, uniq_azrael
Temple:   kb_temple_of_zot
Lair:1:   layout_loops_ring, beast_lair_carwin_11, serial_bayou_shore_a

Skill      XL: |  1  2  3  4  5  6  7  8  9 10 11 |
---------------+----------------------------------+-----
Stealth        | 2 3 4 6 7 |  7.1
Dodging        | 2 3 4 |  4.0
Fighting       | 1 2 3 4 5 6 |  6.7
Unarmed Combat | 1 2 3 5 |  5.3
Conjurations   | 2 3 4 5 6 8 |  8.0
Armour         | 1 2 3 4 |  4.0
Spellcasting   | 3 4 5 |  5.0
Poison Magic   | 4 5 6 7 |  7.5
Shields        | 2 4 |  4.0
Evocations     | 3 6 |  6.2
Short Blades   | 2 5 |  5.6

Action                   |  1- 3 |  4- 6 |  7- 9 | 10-12 || total
-------------------------+-------+-------+-------+-------++-------
Melee: Unarmed           |    61 |    57 |   390 |   424 ||   932
       Kick              |       |    14 |   107 |    88 ||   209
       Punch             |       |       |     2 |       ||     2
Throw: Dart              |       |       |       |     3 ||     3
 Cast: Sting             |    65 |       |    16 |     4 ||    85
       Poisonous Vapours |    18 |    43 |   144 |   273 ||   478
       Mephitic Cloud    |       |       |       |     6 ||     6
Evoke: Wand              |       |       |     4 |    26 ||    30
  Use: Scroll            |       |     4 |     9 |    16 ||    29
       Potion            |       |       |     1 |    10 ||    11
 Stab: Sleeping          |       |     1 |     3 |     2 ||     6
       Paralysed         |       |       |     5 |    23 ||    28
       Distracted        |       |       |       |     1 ||     1
       Confused          |       |       |       |     3 ||     3
  Eat: Chunk             |     6 |     8 |    16 |     6 ||    36
       Ration            |     1 |       |     3 |     7 ||    11
Armor: Robe              |    10 |       |       |       ||    10
       Leather armour    |     5 |    12 |    48 |   192 ||   257
       Skin              |       |       |       |    28 ||    28
       Fire dragon scale |       |       |       |    21 ||    21
Dodge: Dodged            |    77 |    45 |   227 |   427 ||   776
Block: Other             |       |     3 |     2 |       ||     5
       Buckler           |       |       |   115 |   309 ||   424
       Reflection        |       |       |     8 |    17 ||    25
